 Dungeon Crawl Stone Soup version 0.19-a0-1071-g4ed3155 (webtiles) character file.

505 Marenglen the Caller (level 7, 0/46 HPs)
             Began as a Human Wizard on Aug 5, 2016.
             Slain by an orc
             ... wielding a +0 flail
              (11 damage)
             ... on level 5 of the Dungeon.
             The game lasted 00:15:12 (5627 turns).

Marenglen the Caller (Human Wizard)                 Turns: 5627, Time: 00:15:13

Health: 0/46       AC:  4    Str:  8    XL:     7   Next: 41%
Magic:  10/11      EV: 17    Int: 20    God:
Gold:   239        SH:  0    Dex: 16    Spells: 4 memorised, 4 levels left

rFire  . . .     SeeInvis .     m - +0 quarterstaff
rCold  . . .     Gourm    .     i - +0 leather armour
rNeg   . . .     Faith    .     (shield currently unavailable)
rPois  .         Spirit   .     b - +0 hat
rElec  .         Dismiss  .     z - +0 cloak
rCorr  +         Reflect  .     (no gloves)
SustAt +         Harm     .     (no boots)
MR     .....                    t - amulet of rage
Stlth  +++.......               s - ring of sustain attributes
                                k - ring of resist corrosion

@: agile
A: no striking features
a: Evoke Berserk Rage


You were on level 5 of the Dungeon.
You were not hungry.

You visited 1 branch of the dungeon, and saw 5 of its levels.

You collected 239 gold pieces.

Inventory:

Hand Weapons
 e - a +0 short sword
 m - a +0 quarterstaff (weapon)
 y - a +3 quarterstaff of chaos
Armour
 b - a +0 hat (worn)
 i - a +0 leather armour (worn)
 j - a +0 ring mail
 z - a +0 cloak (worn)
Jewellery
 k - a ring of resist corrosion (left hand)
 s - a ring of sustain attributes (right hand)
 t - an amulet of rage (around neck)
 u - a +2 amulet of reflection {unknown}
 x - an uncursed amulet of the gourmand {unknown}
Scrolls
 f - a scroll of immolation {unknown}
 h - a scroll of remove curse
 l - a scroll of blinking {unknown}
 w - a scroll of random uselessness {unknown}
 A - a scroll of identify
Potions
 a - a potion of brilliance {unknown}
 p - 3 potions of lignification
 q - 2 potions of magic {unknown}
Books
 c - a book of Minor Magic

   Spells                             Type                      Level
   a - Magic Dart                     Conjuration                  1
   b - Blink                          Translocation                2
   c - Call Imp                       Summoning                    2
   d - Repel Missiles                 Charms/Air                   2
   e - Slow                           Hexes                        2
   f - Conjure Flame                  Conjuration/Fire             3
   g - Mephitic Cloud                 Conjuration/Poison/Air       3
Comestibles
 d - 2 bread rations
 n - a royal jelly
 o - a meat ration
 r - 3 chunks of flesh


   Skills:
 + Level 3.4 Staves
 - Level 2.0 Dodging
 - Level 2.0 Stealth
 - Level 3.0 Spellcasting
 + Level 3.8 Conjurations
 - Level 3.9 Summonings
 - Level 3.0 Translocations


You had 4 spell levels left.
You knew the following spells:

 Your Spells              Type           Power        Failure   Level  Hunger
a - Magic Dart            Conj           ###.         4%          1    None
b - Blink                 Tloc           N/A          12%         2    ##.....
c - Call Imp              Summ           ###.....     8%          2    ##.....
d - Conjure Flame         Conj/Fire      ##......     30%         3    ###....


Dungeon Overview and Level Annotations

Branches:
Dungeon (5/15)
 Temple: D:4-7

Altars:
Okawaru

Annotations:
D:4 Menkaure


Message History

The orc closely misses you.
You thump the orc priest!
The orc priest is almost dead.
The orc priest closely misses you. The orc hits you with a flail.
The orc priest hits you but does no damage.
The orc barely misses you. The orc priest misses you.
You hit the orc priest.
You kill the orc priest!
The orc hits you with a flail! The orc closely misses you.
The orc priest invokes the aid of Beogh against you.
Beogh smites you!
* * * LOW HITPOINT WARNING * * *
The orc barely misses you. The orc priest closely misses you.
The orc completely misses you.
Found 19 gold pieces.
Found a stone staircase leading up.
The orc closely misses you.
Found a stone staircase leading down.
You closely miss the orc. The orc hits you with a flail!
You die...

#.###.........>.
#...............
#...........
#.##o..$..##
#o##.......#
#.##o......#
#.##.......#
####.#o......##
#....@........#
#........####.#
#........# .#
#........#
#........#
#........#
#....)...#
#........#
##########


You could see an orc priest and 2 orcs.

Vanquished Creatures
  A hound (D:1)
  An orc wizard (D:3)
  An orc priest (D:5)
  A gnoll (D:2)
  2 adder skeletons
  A worm (D:3)
  4 dart slugs
  5 orcs
  5 ball pythons
  2 giant cockroaches
  4 goblins
  10 hobgoblins
  6 bats
  A giant gecko skeleton (D:4)
  8 giant newts
  9 kobolds
  6 rats
67 creatures vanquished.

Vanquished Creatures (collateral kills)
  Sigmund (D:2)
  Duvessa (D:4)
  Dowan (D:4)
  A howler monkey (D:3)
  Crazy Yiuf (D:3)
  An orc priest (D:4)
  A hound (D:3)
  Terence (D:2)
  3 adders (D:2)
  2 gnolls (D:1)
  A dart slug (D:2)
  2 worms (D:2)
  An orc (D:3)
  A hobgoblin (D:2)
  2 bats (D:2)
  4 kobolds (D:2)
24 creatures vanquished.

Grand Total: 91 creatures vanquished

Notes
Turn   | Place    | Note
-------+----------+-------------------------------------------
     0 | D:1      | Marenglen the Human Wizard began the quest for the Orb.
     0 | D:1      | Reached XP level 1. HP: 13/13 MP: 4/4
   402 | D:1      | Reached XP level 2. HP: 14/19 MP: 6/6
   480 | D:1      | Learned a level 2 spell: Call Imp
   483 | D:1      | Learned a level 2 spell: Blink
   992 | D:1      | Reached XP level 3. HP: 13/24 MP: 1/7
  1078 | D:2      | Noticed Terence
  1619 | D:1      | Reached XP level 4. HP: 4/30 MP: 0/8
  1881 | D:2      | Noticed Sigmund
  2115 | D:2      | Killed Sigmund
  2115 | D:2      | Reached XP level 5. HP: 27/35 MP: 1/9
  2608 | D:2      | Reached XP level 6. HP: 29/41 MP: 7/10
  2761 | D:2      | Learned a level 3 spell: Conjure Flame
  2830 | D:2      | Reached skill level 1 in Staves
  3079 | D:2      | Killed Terence
  3401 | D:3      | Found a runed door.
  3431 | D:3      | Noticed Crazy Yiuf
  3438 | D:3      | Killed Crazy Yiuf
  4761 | D:3      | Reached XP level 7. HP: 44/46 MP: 1/11
  4955 | D:4      | Noticed Duvessa
  4965 | D:4      | Noticed Dowan
  4968 | D:4      | Killed Duvessa
  4973 | D:4      | Killed Dowan
  5484 | D:4      | Found an iron altar of Okawaru.
  5576 | D:4      | Noticed Menkaure
  5603 | D:5      | Entered Level 5 of the Dungeon
  5627 | D:5      | Slain by an orc

Vault maps used:
D:1:      onia_arrival_pentagram
D:2:      minmay_splitting_lines, uniq_sigmund, uniq_terence
D:3:      first_bread, grunt_decor_arrowhead, serial_bayou_crossing,
          uniq_crazy_yiuf_cottage
D:4:      okawaru_gym_becter, uniq_duvessa, uniq_menkaure
D:5:      uniq_eustachio, uniq_blork_the_orc, uniq_pikel

Skill      XL: |  1  2  3  4  5  6  7 |
---------------+----------------------+-----
Conjurations   | 2 3 |  3.8
Summonings     | 2 3 |  3.9
Translocations | 3 |  3.0
Staves         | 2 3 |  3.4
Dodging        | |  2.0
Stealth        | |  2.0
Spellcasting   | |  3.0

Action                   |  1- 3 |  4- 6 |  7- 9 || total
-------------------------+-------+-------+-------++-------
Melee: Short sword       |    55 |       |       ||    55
       Quarterstaff      |    12 |   160 |    23 ||   195
 Cast: Magic Dart        |    35 |    30 |     9 ||    74
       Call Imp          |     7 |    37 |     9 ||    53
       Blink             |     1 |     2 |       ||     3
  Use: Potion            |     1 |     3 |     2 ||     6
       Scroll            |       |     7 |       ||     7
 Stab: Distracted        |       |       |     1 ||     1
  Eat: Chunk             |     1 |     9 |     3 ||    13
       Bread ration      |       |     1 |       ||     1
Armor: Robe              |    31 |       |       ||    31
       Ring mail         |     3 |    70 |     2 ||    75
       Leather armour    |       |       |     2 ||     2
Dodge: Dodged            |    83 |   127 |    20 ||   230
